 Dungeon Crawl Stone Soup version 0.17.1-2-g5865329 (webtiles) character file.

4484 Peloso the Blocker (level 10, 0/86 HPs)
             Began as a Minotaur Fighter on Feb 13, 2016.
             Was a Priest of Okawaru.
             Shot with a bolt by an orc warrior (14 damage)
             ... in a bailey.
             The game lasted 00:22:57 (7258 turns).

Peloso the Blocker (Minotaur Fighter)               Turns: 7258, Time: 00:22:58

Health: 0/86       AC:  9    Str: 25    XL:     10   Next: 16%
Magic:  9/9        EV: 12    Int:  5    God:    Okawaru [***...]
Gold:   463        SH: 12    Dex: 11    Spells: 0 memorised, 9 levels left

rFire  . . .     SeeInvis .     a - +1 long sword
rCold  . . .     Clarity  .     b - +0 scale mail
rNeg   . . .     SustAt   .     c - +0 shield
rPois  .         Gourm    .     (helmet restricted)
rElec  .         Spirit   .     z - +0 cloak (curse)
rCorr  .         Warding  .     (no gloves)
rMut   .         Stasis   .     (no boots)
MR     +....                    u - amulet of rage
Stlth  ..........               x - +2 ring of strength
                                J - ring of protection from magic

@: somewhat resistant to hostile enchantments, extremely unstealthy
A: retaliatory headbutt, horns 2
a: Heroism, Renounce Religion, Evoke Berserk Rage


You were in a bailey.
You worshipped Okawaru.
Okawaru was most pleased with you.
You were hungry.

You visited 2 branches of the dungeon, and saw 9 of its levels.
You also visited: Sewer and Bailey.

You collected 463 gold pieces.

Inventory:

Hand Weapons
 a - a +1 long sword (weapon)
 l - a +1 dagger of venom
 p - a +2 dagger of flaming
Armour
 b - a +0 scale mail (worn)
 c - a +0 shield (worn)
 z - a cursed +0 cloak (worn)
 P - a +0 plate armour
Jewellery
 s - an uncursed ring of stealth
 u - an amulet of rage (around neck)
 x - a +2 ring of strength (right hand)
 J - a ring of protection from magic (left hand)
Wands
 B - a wand of flame (18)
 I - a wand of draining (1)
 L - a wand of digging (12)
Scrolls
 h - a scroll of noise
 m - 2 scrolls of fear
 C - a scroll of enchant weapon
 G - a scroll of enchant armour {unknown}
 H - a scroll of recharging {unknown}
 M - a scroll of teleportation
 O - a scroll of blinking {unknown}
Potions
 d - a potion of might
 f - 3 potions of flight
 g - 2 potions of invisibility {unknown}
 j - 2 potions of haste {unknown}
 k - a potion of mutation {unknown}
 o - a potion of agility {unknown}
 r - a potion of cure mutation {unknown}
 t - a potion of lignification {unknown}
 F - a potion of cancellation {unknown}
 K - a potion of heal wounds {unknown}
Books
 w - a book of Death

   Spells                             Type                      Level
   a - Corpse Rot                     Necromancy                   2
   b - Sublimation of Blood           Necromancy                   2
   c - Agony                          Necromancy                   5
   d - Dispel Undead                  Necromancy                   5
   e - Excruciating Wounds            Charms/Necromancy            5
   f - Bolt of Draining               Conjuration/Necromancy       5
 E - a book of Burglary

   Spells                             Type                      Level
   a - Swiftness                      Charms/Air                   2
   b - Passwall                       Transmutation/Earth          3
   c - Passage of Golubria            Translocation                4
   d - Lee's Rapid Deconstruction     Earth                        5
   e - Darkness                       Hexes                        6
   f - Invisibility                   Hexes                        6
Comestibles
 e - 7 bread rations
 i - 2 meat rations
 v - 8 fruits
 A - 2 beef jerkies
 D - 5 slices of pizza
 N - 8 royal jellies


   Skills:
 + Level 7.3 Fighting
 + Level 8.7 Long Blades
 + Level 8.3 Armour
 + Level 6.6 Dodging
 + Level 1.0 Stealth
 + Level 10.0 Shields
 + Level 1.1 Invocations
 + Level 0.6 Evocations


You had 9 spell levels left.
You didn't know any spells.

Dungeon Overview and Level Annotations

Branches:
Dungeon (8/15)             Temple (1/1) D:5
   Lair: D:8-11

Altars:
Ashenzari
Cheibriados
Elyvilon
Fedhas
Gozag
Kikubaaqudgha
Makhleb
Nemelex Xobeh
Okawaru
Qazlal
Sif Muna
Trog
Yredelemnul
Zin
The Shining One

Shops:
D:7 !   D:8 [(


Innate Abilities, Weirdness & Mutations

You reflexively headbutt those who attack you in melee.
You have a pair of horns on your head.


Message History

Evoke which item? (* to show all) (? for menu, Esc to quit)
Okay, then.
You see here 2 bolts.
The orc warrior shoots a bolt.
You block the bolt.
You float gracefully downwards.
The orc warrior shoots a bolt.
You block the bolt.
You see here a bolt.
The orc warrior shoots a bolt.
You block the bolt.
You see here a bolt.
The orc warrior shoots a bolt.
The bolt completely misses you.
You hear a splash.
All of the chunks of flesh in your inventory have rotted away.
You see here a bolt.
You see here 3 bolts.
The orc warrior shoots a bolt.
The bolt hits you!
* * * LOW HITPOINT WARNING * * *
You see here 2 bolts.
Drink which item? (? for menu, Esc to quit)
You feel better.
The orc warrior shoots a bolt.
The bolt hits you!
You die...

...........#
.............##
..............#
..........(.(.##
..............(##
.......≈≈≈≈≈.(..##
......≈≈#(#≈≈.(.(#######
......≈##(##≈....((.((((
......≈@(^()≈o..(.(((...
......≈##(##≈o..........
......≈ #(#≈≈...........
.......≈≈≈≈≈............
........................
........................
................).......
........................
....................


You could see an orc warrior and an orc.

Vanquished Creatures
  The ghost of cada the Changer, a novice NaTm (D:6)
  A queen bee (D:8)
  Edmund (D:5)
  3 sky beasts
  A phantom (D:4)
  2 orc warriors
  A black bear (D:7)
  A necrophage (D:7)
  5 ogres
  A centaur (D:8)
  A big kobold (Sewer)
  23 killer bees
  A wyvern skeleton (D:7)
  7 scorpions
  3 crimson imps
  A giant frog zombie (D:7)
  5 orc priests
  2 orc wizards
  A giant frog skeleton (D:7)
  2 hounds
  A jelly (D:7)
  Terence (D:2)
  5 iguanas
  A hell rat (D:6)
  5 worker ants
  8 gnolls
  7 river rats (D:6)
  8 adders
  2 oozes
  An adder zombie (D:6)
  2 worms
  5 giant geckos
  24 orcs
  7 giant cockroaches
  7 hobgoblins
  8 jackals
  4 quokkas
  6 bats
  A giant cockroach zombie (D:5)
  A giant gecko skeleton (D:6)
  A giant gecko zombie (D:7)
  6 giant newts
  10 goblins
  11 kobolds
  A quokka skeleton (D:6)
  29 rats
225 creatures vanquished.

Notes
Turn   | Place    | Note
--------------------------------------------------------------
     0 | D:1      | Peloso the Minotaur Fighter began the quest for the Orb.
     0 | D:1      | Reached XP level 1. HP: 19/19 MP: 0/0
    59 | D:1      | Reached skill level 4 in Shields
    82 | D:1      | Reached XP level 2. HP: 21/27 MP: 1/1
   725 | D:1      | Reached XP level 3. HP: 24/33 MP: 2/2
   978 | D:2      | Reached skill level 1 in Dodging
  1000 | D:2      | Reached XP level 4. HP: 30/40 MP: 3/3
  1118 | D:2      | Found a deep blue altar of Sif Muna.
  1144 | D:2      | Noticed Terence
  1157 | D:2      | Killed Terence
  1165 | D:2      | Found a blossoming altar of Fedhas.
  1677 | D:3      | Found a blossoming altar of Fedhas.
  1681 | D:3      | Reached XP level 5. HP: 35/47 MP: 4/4
  1697 | D:3      | Found a bloodstained altar of Trog.
  1707 | D:3      | Reached skill level 5 in Shields
  2420 | D:4      | Noticed a phantom
  2457 | D:4      | Killed a phantom
  2457 | D:4      | Reached skill level 5 in Armour
  2457 | D:4      | Reached XP level 6. HP: 34/53 MP: 5/5
  2529 | D:4      | Reached skill level 6 in Shields
  2617 | D:4      | Reached XP level 7. HP: 22/60 MP: 6/6
  2653 | D:4      | Found a glowing drain.
  2664 | Sewer    | Entered a sewer
  2908 | Sewer    | Found a white marble altar of Elyvilon.
  3082 | D:4      | Reached skill level 5 in Fighting
  3235 | D:4      | Noticed an ogre
  3241 | D:4      | Killed an ogre
  3452 | D:5      | Entered Level 5 of the Dungeon
  3644 | D:5      | Found a staircase to the Ecumenical Temple.
  3660 | Temple   | Entered the Ecumenical Temple
  3688 | Temple   | Became a worshipper of Warmaster Okawaru
  3923 | D:5      | Reached skill level 7 in Shields
  3925 | D:5      | Reached XP level 8. HP: 53/70 MP: 7/7
  3957 | D:5      | Noticed Edmund
  3975 | D:5      | Killed Edmund
  3975 | D:5      | Reached skill level 5 in Long Blades
  4208 | D:5      | Reached * piety under Okawaru
  4378 | D:6      | Noticed cada's ghost (novice NaTm)
  4383 | D:6      | Reached skill level 8 in Shields
  4400 | D:6      | Killed cada's ghost
  4400 | D:6      | Reached skill level 5 in Dodging
  4490 | D:6      | Reached XP level 9. HP: 61/78 MP: 8/8
  5072 | D:7      | Found Rep Were's Distillery.
  5145 | D:7      | Reached ** piety under Okawaru
  5232 | D:7      | Found an iron altar of Okawaru.
  5285 | D:7      | Reached skill level 9 in Shields
  5483 | D:7      | Noticed an angel
  5484 | D:7      | Found a glowing silver altar of Zin.
  5748 | D:7      | Found a snail-covered altar of Cheibriados.
  5882 | D:7      | Found a white marble altar of Elyvilon.
  6645 | D:8      | Found Jakatak's Armour Shop.
  6753 | D:8      | Reached *** piety under Okawaru
  6761 | D:8      | HP: 3/79 [killer bee (4)]
  6768 | D:8      | Reached XP level 10. HP: 13/86 MP: 9/9
  6774 | D:8      | Reached skill level 1 in Invocations
  6775 | D:8      | Reached skill level 1 in Stealth
  6808 | D:8      | Found Cesmek's Antique Weapon Emporium.
  7014 | D:8      | Found a flagged portal.
  7171 | Bailey   | Entered a bailey
  7205 | Bailey   | Reached skill level 10 in Shields
  7258 | Bailey   | Shot with a bolt by an orc warrior

Action                   |  1- 3 |  4- 6 |  7- 9 | 10-12 || total
-------------------------+-------+-------+-------+-------++-------
Melee: Long sword        |    88 |   134 |   406 |    62 ||   690
Invok: Heroism           |       |       |     2 |     2 ||     4
 Abil: Evoke Berserk Rag |       |       |     1 |       ||     1
Evoke: Wand              |       |       |     2 |     2 ||     4
  Use: Scroll            |       |     4 |     1 |     3 ||     8
       Potion            |       |       |     4 |     4 ||     8
  Eat: Chunk             |       |     6 |    13 |     2 ||    21
       Fruit             |       |       |     1 |       ||     1
